 Dungeon Crawl Stone Soup version 0.32-a0-834-geaf45d8e21 (webtiles) character file.

Game seed: 8129610113651531192

3409 wilfster70 the Fighter (level 9, -4/86 (96) HPs)
             Began as a Minotaur Berserker on Mar 25, 2024.
             Was a Follower of Trog.
             Slain by a soul eater (13 damage)
             ... summoned by a kobold demonologist
             ... on level 8 of the Dungeon.
             The game lasted 00:14:50 (5703 turns).

wilfster70 the Fighter (Minotaur Berserker)         Turns: 5703, Time: 00:14:51

HP:   -4/86 (96)    AC: 10    Str: 27    XL:     9   Next: 75%
MP:   7/8           EV:  9    Int:  4    God:    Trog [*.....]
Gold: 314           SH:  3    Dex:  9    Spells: 8/8 levels left

rFire   . . .        a - +0 hand axe
rCold   + . .        n - +0 buckler
rNeg    . . .        c - +1 scale mail {rC+}
rPois   .            (helmet restricted)
rElec   .            t - +0 cloak
rCorr   .            (no gloves)
SInv    .            D - +1 pair of boots
Will    .....        (no amulet) Stlth
                     (no ring)
HPRegen 0.34/turn    (no ring)
MPRegen 0.11/turn

%: no passive effects
@: on berserk cooldown, slowed, heavily drained, very slow
A: horns 2, retaliatory headbutt
a: Renounce Religion, Berserk


You were on level 8 of the Dungeon.
You worshipped Trog.
Trog was aware of your devotion.
You visited 1 branch of the dungeon, and saw 8 of its levels.

You collected 314 gold pieces.

Inventory:

Hand Weapons
 a - a +0 hand axe (weapon)
 b - a +1 whip of electrocution
Missiles
 g - 11 poisoned darts
 i - a throwing net
 A - 7 curare-tipped darts (quivered)
Armour
 c - a +1 scale mail of cold resistance (worn)
 n - a +0 buckler (worn)
 t - a +0 cloak (worn)
 D - a +1 pair of boots (worn)
Jewellery
 r - an amulet of magic regeneration
Wands
 e - a wand of mindburst (5)
 m - a wand of polymorph (10)
 y - a wand of charming (5)
Scrolls
 j - a scroll of enchant armour
 o - a scroll of fog
 q - a scroll of teleportation
 w - a scroll of enchant weapon
Potions
 d - a potion of attraction
 f - a potion of cancellation {unknown}
 h - a potion of degeneration {unknown}
 k - a potion of lignification
 l - 2 potions of haste
 p - 2 potions of brilliance
 s - 3 potions of heal wounds
 u - 2 potions of berserk rage
 x - a potion of might {unknown}
 z - a potion of invisibility {unknown}
 B - a potion of enlightenment {unknown}


   Skills:
 + Level 14.4 Fighting
 - Level 6.0 Axes
 - Level 2.4 Armour
 - Level 2.1 Dodging
 * Level 5.3 Evocations


You had 8 spell levels left.
You didn't know any spells.
Your spell library contained the following spells:

 Spells                   Type           Power      Damage    Failure   Level
 Volatile Blastmotes      Fire/Tloc      0%         2d10      99%         3
 Fulminant Prism          Conj/Alch      0%         3d5       100%        4
 Iskenderun's Mystic Bla  Conj/Tloc      0%         2d3       100%        4


Dungeon Overview and Level Annotations

Branches:
Dungeon (8/15)             Temple (0/1) D:7
   Lair: D:8-11

Altars:
Cheibriados
Elyvilon
Hepliaklqana
Makhleb
Nemelex Xobeh
Trog
Vehumet
Zin

Shops:
D:4 =::==


Innate Abilities, Weirdness & Mutations

You have a pair of horns on your head.
You reflexively headbutt those who attack you in melee.


Message History

You feel yourself slow down. The soul eater hits you!
You hit the soul eater but do no damage.
The soul eater is severely wounded.
The ice devil disappears in a puff of smoke!
The soul eater hits you!
You feel drained.
You hit the soul eater but do no damage.
You headbutt the soul eater.
The soul eater is severely wounded.
You feel the effects of Trog's Hand fading.
The soul eater hits you!
You feel drained.
The soul eater draws from the surrounding life force!
The soul eater is healed.
The neqoxec gestures at you. Something gnaws on your mind!
You feel your power leaking away.
You hit the soul eater.
The soul eater is severely wounded.
The soul eater hits you!
You hit the soul eater but do no damage.
You headbutt the soul eater, but do no damage.
The soul eater is severely wounded.
The soul eater draws from the surrounding life force!
* * * LOW HITPOINT WARNING * * *
The soul eater is healed.
The soul eater hits you but does no damage.
You hit the soul eater but do no damage.
You headbutt the soul eater, but do no damage.
The soul eater is heavily wounded.
The neqoxec disappears in a puff of smoke!
The kobold demonologist mumbles some strange words.
You block the soul eater's attack.
You closely miss the soul eater.
The soul eater is heavily wounded.
Your skin stops crawling.
You feel less strong-willed.
The kobold demonologist casts a spell.
The soul eater hits you!
* * * LOW HITPOINT WARNING * * *
The kobold demonologist mumbles some strange words.
The soul eater hits you!
You die... #.# .Ve

#.# .4. #####.#####
#.........# #+# #{#
### #<# #e###.# #.#
#4K3@.# ##.##
#####)#
###...##########.#
#......#.........#
##.....##.#########
..............#
##.....##.###.#
#........#
####.#####


You could see a soul eater (summoned), a rust devil (summoned), a deep elf
pyromancer and a kobold demonologist.

Vanquished Creatures
  Pikel (D:6)
  The ghost of Sassenached the Trooper, a novice HuWn (D:5)
  Maurice (D:7)
  Grinder (D:3)
  Sigmund (D:3)
  Edmund (D:4)
  Duvessa (D:4)
  A sky beast (D:7)
  3 ice beasts
  3 centaurs
  A phantom (D:4)
  A kobold brigand (D:6)
  3 bullfrogs
  A scorpion (D:4)
  Dowan (D:4)
  A howler monkey (D:4)
  A bombardier beetle (D:5)
  A hound (D:4)
  A jelly (D:7)
  A sleepcap (D:6)
  Natasha (thrice) (D:2)
  2 iguanas
  Ijyb (D:3)
  An orc wizard (D:7)
  4 gnolls (D:2)
  6 adders
  2 shadow imps
  3 white imps
  2 dart slugs
  15 orcs
  A bat (D:1)
  5 endoplasms
  2 giant cockroaches
  8 hobgoblins
  7 jackals
  7 kobolds
  5 quokkas
  8 ball pythons
  A frilled lizard (D:3)
  6 goblins
  5 rats
120 creatures vanquished.

Notes
Turn   | Place    | Note
-------+----------+-------------------------------------------
     0 | D:1      | wilfster70 the Minotaur Berserker began the quest for the
                  | Orb.
     0 | D:1      | Reached XP level 1. HP: 19/19 MP: 0/0
   120 | D:1      | Reached XP level 2. HP: 26/27 MP: 1/1
   260 | D:1      | Reached skill level 4 in Fighting
   485 | D:2      | Reached XP level 3. HP: 33/33 MP: 2/2
   486 | D:2      | Reached skill level 5 in Axes
   551 | D:2      | Reached XP level 4. HP: 39/41 MP: 3/3
   641 | D:2      | Reached ** piety under Trog
   647 | D:2      | Found a hazy altar of Hepliaklqana.
   707 | D:2      | Noticed Natasha
   711 | D:2      | Killed Natasha
   761 | D:2      | Noticed Natasha
   770 | D:2      | Killed Natasha
   771 | D:2      | Reached skill level 5 in Fighting
   771 | D:2      | Reached XP level 5. HP: 48/48 MP: 4/4
  1071 | D:2      | Noticed Natasha
  1076 | D:2      | Killed Natasha
  1271 | D:3      | Found a sparkling altar of Nemelex Xobeh.
  1410 | D:3      | Noticed Sigmund
  1421 | D:3      | Killed Sigmund
  1422 | D:3      | Reached skill level 7 in Fighting
  1422 | D:3      | Reached XP level 6. HP: 60/60 MP: 5/5
  1452 | D:3      | Noticed Ijyb
  1458 | D:3      | Killed Ijyb
  1542 | D:3      | Noticed Grinder
  1549 | D:3      | Killed Grinder
  1550 | D:3      | Reached skill level 8 in Fighting
  1550 | D:3      | Reached XP level 7. HP: 69/69 MP: 6/6
  1786 | D:3      | Found a snail-covered altar of Cheibriados.
  1913 | D:3      | Found a faded altar of an unknown god.
  2146 | D:4      | Reached skill level 9 in Fighting
  2232 | D:4      | Noticed Duvessa
  2232 | D:4      | Noticed Dowan
  2239 | D:4      | Killed Dowan
  2245 | D:4      | Killed Duvessa
  2246 | D:4      | Reached skill level 10 in Fighting
  2278 | D:4      | Noticed Edmund
  2304 | D:4      | Killed Edmund
  2305 | D:4      | Reached XP level 8. HP: 12/81 MP: 7/7
  2593 | D:4      | Reached skill level 11 in Fighting
  2771 | D:4      | Found Gaungyb's Jewellery Emporium.
  2771 | D:4      | Found Mele's Book Emporium.
  2778 | D:4      | Found Oheduwosh's Jewellery Emporium.
  2787 | D:4      | Found Ycsonu's Book Emporium.
  2871 | D:4      | Found Olibeun's Jewellery Boutique.
  3184 | D:5      | Entered Level 5 of the Dungeon
  3242 | D:5      | Found a large runed translucent door.
  3243 | D:5      | Found a large runed translucent door.
  3244 | D:5      | Noticed Sassenached's ghost (novice HuWn)
  3268 | D:5      | Killed Sassenached's ghost
  3269 | D:5      | Reached skill level 12 in Fighting
  3412 | D:5      | Found a bloodstained altar of Trog.
  3439 | D:5      | Found a radiant altar of Vehumet.
  3632 | D:5      | Reached skill level 13 in Fighting
  3740 | D:5      | Found a hazy altar of Hepliaklqana.
  4031 | D:6      | Reached XP level 9. HP: 64/93 MP: 8/8
  4229 | D:6      | Reached skill level 1 in Evocations
  4250 | D:6      | Noticed Pikel
  4274 | D:6      | Killed Pikel
  4397 | D:6      | Found a white marble altar of Elyvilon.
  4842 | D:7      | Found a staircase to the Ecumenical Temple.
  4881 | D:7      | Reached skill level 14 in Fighting
  4916 | D:7      | Found a glowing silver altar of Zin.
  5103 | D:7      | Found a burning altar of Makhleb.
  5120 | D:7      | Noticed Maurice
  5134 | D:7      | Something stole an amulet of magic regeneration
  5136 | D:7      | Something stole 7 curare-tipped darts
  5138 | D:7      | Something stole a +1 whip of electrocution
  5139 | D:7      | Something stole 245 gold
  5140 | D:7      | Something stole 39 gold
  5181 | D:7      | Killed Maurice
  5182 | D:7      | Reached skill level 5 in Evocations
  5675 | D:8      | Noticed a kobold demonologist
  5677 | D:8      | Noticed a deep elf pyromancer
  5677 | D:8      | Noticed an ice devil
  5684 | D:8      | Noticed a soul eater
  5703 | D:8      | Noticed a rust devil
  5703 | D:8      | Slain by a soul eater

Illustrated notes

Levels and vault maps discovered:
D:1:      dpeg_arrival_tiny_a, layout_rooms, corexii_hall_statues_l
D:2:      layout_loops_cross, basic_altar, uniq_natasha
D:3:      kennysheep_big_flooded_room, layout_basic, mainiacjoe_overflow_swirl,
          shapermc_ecumenical_altar_mp_urbaneastern, uniq_sigmund, uniq_grinder,
          uniq_ijyb
D:4:      layout_loops_ring, minmay_shop_grid_forest,
          minmay_shop_enchanted_jewellery, uniq_edmund, uniq_duvessa
D:5:      layout_loops_ring, lightli_temple_of_fire,
          mainiacjoe_overflow_alcove_4, nicolae_vehumet_altar_sigil,
          serial_glass, glass_columns_c, glass_columns_a, glass_columns_a,
          glass_columns_c, item_on_display_a, feat_on_display,
          item_on_display_a, item_on_display_a, ebering_ghost_disaster_area
D:6:      layout_basic, kennysheep_mini_moat, uniq_pikel
D:7:      layout_loops_ring, zin_academy, bloody_makhleb,
          minmay_temple_entry_metal_lava, uniq_maurice
D:8:      layout_loops_corners, serial_shops, nicolae_shop_advertising_works
          [nicolae_subvault_shop_adworks], serial_library_hellmonk_metal_room

Skill      XL: |  1  2  3  4  5  6  7  8  9 |
---------------+----------------------------+-----
Axes           | 4 5 6 |  6.0
Fighting       | 4 5 7 8 10 13 14 | 14.4
Evocations     | 5 |  5.3
Armour         | |  2.4
Dodging        | |  2.1

Action                     |  1- 3 |  4- 6 |  7- 9 || total
---------------------------+-------+-------+-------++-------
  Melee: Hand axe          |    55 |    65 |   237 ||   357
         Headbutt          |     3 |    13 |    49 ||    65
         Unarmed           |       |       |    22 ||    22
 Invoke: Berserk           |     1 |     4 |    10 ||    15
         Trog's Hand       |       |     1 |     7 ||     8
    Use: Scroll            |       |       |    18 ||    18
         Potion            |       |       |     1 ||     1
 Armour: Scale mail        |    42 |    46 |   222 ||   310
         Skin              |       |       |    31 ||    31
  Dodge: Dodged            |    26 |    27 |    95 ||   148
  Block: Buckler           |       |     2 |    30 ||    32

Table legend: (Time is in decaauts)
 A = Elapsed time spent in this place.
 B = Non-inter-level travel time spent in this place.
 C = Inter-level travel time spent in this place.
 D = Time resting spent in this place.
 E = Time spent auto-exploring this place.
 F = Levels seen in this place.
 G = Mean time per level.
                   A        B        C        D        E       F      G
               +--------+--------+--------+--------+--------+-----+--------+
         Total |   5850 |   5646 |    204 |    851 |   2712 |   8 |  731.2 |
       Dungeon |   5850 |   5646 |    204 |    851 |   2712 |   8 |  731.2 |
               +--------+--------+--------+--------+--------+-----+--------+

Top non-repeatable levels by time:
     D:3: 1069 daAuts
     D:7: 1025 daAuts
     D:4: 1000 daAuts
     D:5: 886 daAuts
     D:2: 758 daAuts
     D:6: 624 daAuts
     D:1: 431 daAuts
     D:8: 53 daAuts
